 Dungeon Crawl Stone Soup version 0.22.1-5-g62c59d9 (webtiles) character file.

10099 whitewolfNL the Basher (level 11, -2/92 HPs)
             Began as a Minotaur Berserker on Jan 8, 2019.
             Was an Elder of Trog.
             Slain by a blink frog (6 damage)
             ... on level 1 of the Lair of Beasts.
             The game lasted 00:46:09 (10245 turns).

whitewolfNL the Basher (Minotaur Berserker)        Turns: 10245, Time: 00:46:10

Health: -2/92      AC: 14    Str: 23    XL:     11   Next: 31%
Magic:  0/13       EV:  8    Int:  5    God:    Trog [****..]
Gold:   524        SH: 10    Dex: 11    Spells: 10/10 levels left

rFire    . . .     SeeInvis .   r - +3 flail (drain)
rCold    . . .     Gourm    .   D - +0 shield (curse)
rNeg     . . .     Faith    .   z - +0 plate armour
rPois    .         Spirit   +   (helmet restricted)
rElec    .         Reflect  .   O - scarf {Spirit}
rCorr    .         Harm     .   (no gloves)
MR       +....                  (no boots)
Stlth    ..........             J - amulet of regeneration
HPRegen  0.65/turn              j - ring of stealth
MPRegen  0.13/turn              d - ring of protection from magic

@: lethally poisoned (-2 -> -2), berserk cooldown, slowed, very slow
A: retaliatory headbutt, horns 2
a: Berserk, Trog's Hand, Brothers in Arms, Renounce Religion


You were on level 1 of the Lair of Beasts.
You worshipped Trog.
Trog was greatly pleased with you.
You were hungry.

You visited 2 branches of the dungeon, and saw 11 of its levels.

You collected 524 gold pieces.

Inventory:

Hand Weapons
 e - a +0 shortbow
 r - a +3 flail of draining (weapon)
 v - a +0 blowgun
 I - the +5 hand axe "Qoamy" {flame, Int+3}
   (You found it on level 7 of the Dungeon)

   It has been specially enchanted to burn those struck by it, causing extra
   injury to most foes and up to half again as much damage against particularly
   susceptible opponents.
   Big, fiery blades are also staple armaments of hydra-hunters.
   It affects your intelligence (+3).
Missiles
 b - 528 stones (quivered)
 f - 193 arrows
 n - 63 sling bullets
 p - 43 poisoned needles
 y - 48 bolts
 L - 5 steel javelins
 P - 4 curare-tipped needles
Armour
 z - a +0 plate armour (worn)
 C - a +0 buckler
 D - a cursed +0 shield (worn)
 O - a scarf of spirit shield (worn)
Jewellery
 d - a ring of protection from magic (right hand)
 j - a ring of stealth (left hand)
 F - a +3 ring of intelligence
 J - an amulet of regeneration (around neck)
 K - a +4 amulet of reflection
Wands
 E - a wand of random effects (46)
 G - a wand of paralysis (18)
Scrolls
 h - 5 scrolls of magic mapping
 o - 9 scrolls of remove curse
 s - 3 scrolls of immolation
 x - 3 scrolls of enchant weapon
 A - a scroll of enchant armour
 H - a scroll of acquirement {unknown}
 N - a scroll of blinking {unknown}
 Q - a scroll of amnesia {unknown}
Potions
 a - a potion of cancellation {unknown}
 i - 3 potions of invisibility
 k - 2 potions of curing
 l - 3 potions of resistance
 q - 4 potions of haste
 t - 3 potions of mutation
 u - a potion of lignification {unknown}
 w - 2 potions of agility
 B - a potion of heal wounds {unknown}
 M - 2 potions of flight
Miscellaneous
 S - a crystal ball of energy
Comestibles
 c - 25 rations
 m - 5 chunks of flesh


   Skills:
 + Level 7.2 Fighting
 - Level 0.4(8.0) Axes
 * Level 12.3 Maces & Flails
 * Level 5.6 Throwing
 * Level 10.4 Armour
 * Level 6.6 Dodging
 - Level 1.0 Stealth
 - Level 6.0 Shields
 * Level 4.1 Evocations


You had 10 spell levels left.
You didn't know any spells.
Your spell library was empty.

Dungeon Overview and Level Annotations

Branches:
Dungeon (9/15)             Temple (0/1) D:4            Lair (2/6) D:9
  Swamp: Lair:2-4    Shoals: Lair:2-4     Snake: Lair:2-4    Spider: Lair:2-4
    Orc: D:9-12

Altars:
Dithmenos
Gozag
Hepliaklqana
Makhleb
Nemelex Xobeh
Qazlal
Ru
Sif Muna
Trog
Uskayaw
Wu Jian
Yredelemnul
The Shining One


Innate Abilities, Weirdness & Mutations

You reflexively headbutt those who attack you in melee.
You have a pair of horns on your head.


Message History

The wolf closely misses you.
The water moccasin bites you but does no damage.
The blink frog barely misses you.
The blink frog hits you but does no damage.
The wolf barely misses you. The wolf bites you but does no damage.
As you read the scroll of immolation, it crumbles to dust.
The creatures around you are filled with an inner flame!
You feel sick. The wolf bites you but does no damage.
You block the wolf's attack. The wolf barely misses you.
You block the wolf's attack.
The water moccasin bites you but does no damage.
You block the wolf's attack. The wolf closely misses you.
The wolf barely misses you. The blink frog closely misses you.
The blink frog barely misses you. You furiously retaliate!
You headbutt the blink frog. The wolf barely misses you.
The wolf bites you but does no damage. You block the water moccasin's attack.
The wolf bites you.
* * * LOW HITPOINT WARNING * * *
The wolf barely misses you. The blink frog hits you.
You die...

####.............P..##...## # ###
#########...P...##...## # ###.##
#............## # .....###
#..P.........# # .......##
####..........####### #
........###........##..####...###
............#.÷.......####≈.≈≈...
........###....FhF....# #.≈≈≈≈≈..
.......## ##...S@h...## #.≈≈≈≈≈≈≈
.......# #....hhh....###.≈≈≈≈≈≈.
.......####...........##...≈≈≈≈≈≈
........#.#.....#......#..<.≈≈≈≈≈
.......#.#.#.#........##...≈≈≈≈≈≈
..........#...#.#.#..####..≈≈≈≈≈≈
#......#.#.#...#.#...####...≈≈≈≈.
##....#.#.....#...#.#........≈..#
###...#.#.#.....................


You could see 2 blink frogs, a water moccasin (inner flame) and 5 wolves.

Vanquished Creatures
  A hydra (Lair:1)
  A two-headed ogre (D:8)
  An oklob plant (D:9)
  2 komodo dragons (Lair:1)
  A polar bear (Lair:1)
  Grinder (D:3)
  2 blink frogs (Lair:2)
  3 hippogriffs
  2 centaur simulacra (D:9)
  A wyvern (D:9)
  10 yaks
  3 hogs (D:7)
  A hungry ghost (D:6)
  A human (D:7)
  A water moccasin (Lair:1)
  A black bear (D:8)
  A phantom (D:2)
  A sky beast (D:9)
  4 ice beasts (D:9)
  13 wolves
  4 ogres
  3 centaurs
  2 crocodiles (Lair:1)
  5 bullfrogs
  2 scorpions
  3 wights (D:8)
  2 howler monkeys
  4 crimson imps
  A jelly (D:7)
  3 hounds
  2 iguanas
  5 orc wizards
  6 worker ants
  A killer bee zombie (D:8)
  A hound skeleton (D:9)
  A howler monkey zombie (D:5)
  8 adders
  3 shadow imps
  An ooze (D:2)
  An adder skeleton (D:4)
  2 adder zombies
  2 worms (D:3)
  A dart slug (D:2)
  4 leopard geckos
  14 orcs
  5 bats
  4 giant cockroaches
  11 goblins
  6 hobgoblins
  17 jackals
  4 quokkas
  4 ball pythons
  A ball python skeleton (D:4)
  A frilled lizard (D:2)
  2 jackal skeletons (D:5)
  4 kobolds
  A quokka skeleton (D:4)
  6 rats
198 creatures vanquished.

Vanquished Creatures (others)
  A fungus (Lair:1)
  9 plants (Lair:1)
10 creatures vanquished.

Grand Total: 208 creatures vanquished

Notes
Turn   | Place    | Note
-------+----------+-------------------------------------------
     0 | D:1      | whitewolfNL the Minotaur Berserker began the quest for the
                  | Orb.
     0 | D:1      | Reached XP level 1. HP: 19/19 MP: 0/0
   317 | D:1      | Reached skill level 4 in Maces & Flails
   318 | D:1      | Reached XP level 2. HP: 24/27 MP: 1/1
  1168 | D:2      | Reached ** piety under Trog
  1168 | D:2      | Reached XP level 3. HP: 33/33 MP: 2/2
  1246 | D:2      | Noticed a phantom
  1252 | D:2      | Found a shadowy altar of Dithmenos.
  1265 | D:2      | Killed a phantom
  1265 | D:2      | Reached skill level 5 in Maces & Flails
  1265 | D:2      | Reached skill level 1 in Throwing
  1265 | D:2      | Reached XP level 4. HP: 30/40 MP: 3/3
  1293 | D:2      | Reached XP level 5. HP: 39/46 MP: 4/4
  1896 | D:2      | Found a basalt altar of Yredelemnul.
  2090 | D:3      | Found a glowing golden altar of the Shining One.
  2873 | D:3      | Noticed Grinder
  2889 | D:3      | Killed Grinder
  2889 | D:3      | Reached skill level 6 in Maces & Flails
  2889 | D:3      | Reached skill level 1 in Shields
  2889 | D:3      | Reached XP level 6. HP: 26/53 MP: 5/5
  3160 | D:4      | Reached skill level 1 in Stealth
  3224 | D:4      | Found a hazy altar of Hepliaklqana.
  3224 | D:4      | Found a staircase to the Ecumenical Temple.
  3365 | D:4      | Found a deep blue altar of Sif Muna.
  3633 | D:4      | Reached skill level 5 in Armour
  3633 | D:4      | Reached XP level 7. HP: 60/60 MP: 6/6
  4242 | D:4      | Found a sparkling altar of Nemelex Xobeh.
  4392 | D:5      | Entered Level 5 of the Dungeon
  4408 | D:5      | Reached *** piety under Trog
  4500 | D:5      | Reached skill level 7 in Maces & Flails
  4780 | D:5      | Found an opulent altar of Gozag.
  4780 | D:5      | Found a hide-covered altar of Uskayaw.
  5477 | D:6      | Reached skill level 5 in Fighting
  5477 | D:6      | Reached XP level 8. HP: 58/68 MP: 7/7
  5548 | D:6      | Reached skill level 8 in Maces & Flails
  6102 | D:7      | Got an iridescent hand axe
  6103 | D:7      | Identified the +5 hand axe "Qoamy" {flame, Int+3} (You
                  | found it on level 7 of the Dungeon)
  6217 | D:7      | Noticed a hippogriff
  6226 | D:7      | Killed a hippogriff
  6226 | D:7      | Reached skill level 1 in Evocations
  6418 | D:7      | Reached skill level 9 in Maces & Flails
  6421 | D:7      | Reached XP level 9. HP: 74/74 MP: 7/9
  6718 | D:8      | Reached **** piety under Trog
  6718 | D:8      | Reached skill level 10 in Maces & Flails
  6836 | D:8      | Found a burning altar of Makhleb.
  6912 | D:8      | Noticed a two-headed ogre
  6922 | D:8      | Killed a two-headed ogre
  6922 | D:8      | Reached skill level 5 in Dodging
  6950 | D:8      | Reached skill level 5 in Shields
  7040 | D:8      | Reached XP level 10. HP: 83/83 MP: 11/11
  7116 | D:8      | Found a bloodstained altar of Trog.
  7124 | D:8      | Found an ornate altar of the Wu Jian Council.
  7291 | D:8      | Received a gift from Trog
  7741 | D:9      | Noticed an oklob plant
  7747 | D:9      | Found an ornate altar of the Wu Jian Council.
  7753 | D:9      | Killed an oklob plant
  7753 | D:9      | Reached skill level 11 in Maces & Flails
  7770 | D:9      | Found a transporter.
  7919 | D:9      | Found a transporter.
  7976 | D:9      | Found a sacrificial altar of Ru.
  7976 | D:9      | Found a stormy altar of Qazlal.
  8003 | D:9      | Found a staircase to the Lair.
  8499 | Lair:1   | Entered Level 1 of the Lair of Beasts
  8710 | Lair:1   | Received a gift from Trog
  8714 | Lair:1   | Reached skill level 5 in Throwing
  8899 | Lair:1   | Noticed a seven-headed hydra
  8908 | Lair:1   | Killed a three-headed hydra
  8908 | Lair:1   | Reached skill level 12 in Maces & Flails
  8908 | Lair:1   | Reached XP level 11. HP: 74/92 MP: 6/12
  9359 | Lair:1   | Reached skill level 10 in Armour
  9953 | Lair:1   | HP: 4/92 [wolf (6)]
  9953 | Lair:1   | HP: 1/92 [wolf (3)]
  9958 | Lair:1   | HP: 3/92 [poisoned by a spiny frog]
 10245 | Lair:1   | HP: 4/92 [wolf (1)]
 10245 | Lair:1   | Slain by a blink frog

Skill      XL: |  1  2  3  4  5  6  7  8  9 10 11 |
---------------+----------------------------------+-----
Maces & Flails | 4 5 6 7 9 10 12 | 12.3
Fighting       | 4 5 6 7 |  7.2
Armour         | 3 4 5 7 8 9 10 | 10.4
Throwing       | 1 2 3 4 5 |  5.6
Shields        | 1 2 3 5 6 |  6.0
Stealth        | 1 |  1.0
Dodging        | 3 4 5 6 |  6.6
Evocations     | 1 2 3 4 |  4.1
Axes           | |  0.4

Action                   |  1- 3 |  4- 6 |  7- 9 | 10-12 || total
-------------------------+-------+-------+-------+-------++-------
Melee: Mace              |    69 |    15 |       |       ||    84
       Headbutt          |    11 |    11 |    41 |    49 ||   112
       Flail             |       |    74 |   211 |   182 ||   467
       Hand axe          |       |       |       |    12 ||    12
 Fire: Blowgun           |       |       |       |    15 ||    15
Invok: Berserk           |       |     2 |     7 |    11 ||    20
Evoke: Wand              |       |       |       |     2 ||     2
  Use: Scroll            |       |     5 |     7 |    10 ||    22
       Potion            |       |       |       |     4 ||     4
 Stab: Invisible         |       |       |       |     2 ||     2
  Eat: Chunk             |     1 |     8 |    21 |    10 ||    40
       Ration            |       |       |       |     3 ||     3
Armor: Ring mail         |    12 |       |       |       ||    12
       Chain mail        |    24 |    40 |    44 |       ||   108
       Plate armour      |       |       |    75 |   169 ||   244
Dodge: Dodged            |    32 |    30 |    60 |   108 ||   230
Block: Shield            |    12 |       |    47 |   145 ||   204
       Buckler           |     4 |    16 |    17 |       ||    37
